 Seeded DCSS version 0.29-a0-468-ge57f7f99b4 (webtiles) character file.

Game seed: 4215108193177905902 (custom seed)

144944 bwicke the Bludgeoner (level 17, -2/106 HPs)
             Began as a Gargoyle Fighter on May 21, 2022.
             Was a Believer of Uskayaw.
             Slain by a guardian serpent (8 damage)
             ... on level 1 of the Snake Pit on May 22, 2022.
             The game lasted 02:57:06 (32030 turns).

bwicke the Bludgeoner (Gargoyle Fighter)           Turns: 32030, Time: 02:57:06

Health: -2/106     AC: 46    Str: 29    XL:     17   Next: 41%
Magic:  10/28      EV:  7    Int:  8    God:    Uskayaw [**....]
Gold:   2465       SH: 11    Dex:  9    Spells: 16/16 levels left

rFire   + . .      SeeInvis +   F - +8 morningstar of Moral Flaws {vorpal, *Noise rElec rCorr Stlth+}
rCold   . . .      Faith    +   c - +0 kite shield {reflect}
rNeg    + . .      Spirit   .   b - +1 plate armour {rF+}
rPois   ∞          Reflect  +   E - +2 helmet
rElec   +          Harm     .   x - +1 cloak
rCorr   +          Rampage  +   V - +1 pair of gloves
Will    +....      Rage     1%  i - +2 pair of boots {rampage}
Stlth   ..........              m - amulet of faith
HPRegen 0.27/turn               g - +4 ring of protection
MPRegen 0.21/turn               T - +4 ring of slaying

@: flying, slowed, very slow
A: sickness immunity, AC +12, big wings, negative energy resistance 1,
electricity resistance, torment resistance 1, petrification resistance, talons
1, see invisible, berserk 1
a: Renounce Religion, Stomp, Line Pass


You were on level 1 of the Snake Pit.
You worshipped Uskayaw.
Uskayaw was pleased with you.
You visited 5 branches of the dungeon, and saw 26 of its levels.
You also visited: Sewer, Ossuary, Bailey, Gauntlet, Ice Cave and Volcano.

You collected 3605 gold pieces.
You spent 1140 gold pieces at shops.

Inventory:

Hand Weapons
 a - a +4 demon whip of venom
 l - a +1 flail of holy wrath
 n - a +0 fustibalus of flaming
 p - a +0 antimagic spear
 z - a +3 eveningstar of venom
 F - the +8 morningstar of Moral Flaws (weapon) {vorpal, *Noise rElec rCorr Stlth+}
   (You found it on level 6 of the Dungeon)

   It inflicts extra damage upon your enemies.
   rElec:     It insulates you from electricity.
   *Noise:    It may make noises in combat.
   rCorr:     It protects you from acid and corrosion.
   Stlth:     It makes you more stealthy.
 I - a +5 spectral flail
 N - a +4 broad axe of flaming
Missiles
 v - 9 curare-tipped darts (quivered)
 R - 20 silver javelins
 S - 15 javelins
 X - 4 datura-tipped darts
Armour
 b - a +1 plate armour of fire resistance (worn)
 c - a +0 kite shield of reflection (worn)
 i - a +2 pair of boots of rampaging (worn)
 j - a +1 scale mail of willpower
 t - a +1 leather armour of resistance
 x - a +1 cloak (worn)
 E - a +2 helmet (worn)
 V - a +1 pair of gloves (worn)
Jewellery
 d - the ring "Wemurut" {rN+ Str+3 Int+4}
   (You found it on level 4 of the Lair of Beasts)

   [ring of positive energy]

   Str:       It affects your strength (+3).
   Int:       It affects your intelligence (+4).
   rN:        It protects you from negative energy.
 g - a +4 ring of protection (left hand)
 m - an amulet of faith (around neck)
 B - a ring of protection from cold
 M - a +4 ring of evasion
 T - a +4 ring of slaying (right hand)
 U - a ring of fire
Wands
 o - a wand of acid (22)
 w - a wand of paralysis (8)
 K - a wand of mindburst (11)
 L - a wand of iceblast (42)
Scrolls
 e - 2 scrolls of summoning
 h - 5 scrolls of vulnerability
 y - 2 scrolls of blinking
 A - 12 scrolls of teleportation
 D - 5 scrolls of magic mapping
 H - 6 scrolls of immolation
 J - a scroll of fog
 Q - 6 scrolls of poison
 Z - 3 scrolls of silence
Potions
 f - 7 potions of lignification
 k - 13 potions of curing
 q - 3 potions of berserk rage
 s - a potion of resistance
 u - 4 potions of haste
 C - 2 potions of might
 G - 3 potions of heal wounds
 O - 4 potions of magic
 P - 3 potions of cancellation
 Y - 8 potions of attraction
Miscellaneous
 W - a condenser vane


   Skills:
 - Level 12.0 Fighting
 - Level 16.0 Maces & Flails
 - Level 6.0 Throwing
 - Level 14.0 Armour
 + Level 13.5 Shields
 - Level 15.3 Invocations
 - Level 9.0 Evocations


You had 16 spell levels left.
You didn't know any spells.
Your spell library contained the following spells:

 Spells                   Type           Power      Damage    Failure   Level
 Slow                     Hex            0%         N/A       99%         1
 Sting                    Tmut/Pois      0%         1d3       99%         1
 Blink                    Tloc           0%         N/A       100%        2
 Poisonous Vapours        Pois/Air       0%         N/A       100%        2
 Confusing Touch          Hex            0%         N/A       100%        3
 Frozen Ramparts          Ice            0%         1d2       100%        3
 Lesser Beckoning         Tloc           0%         N/A       100%        3
 Ozocubu's Armour         Ice            0%         N/A       100%        3
 Portal Projectile        Hex/Tloc       0%         N/A       100%        3
 Vampiric Draining        Necr           0%         2d6       100%        3
 Animate Dead             Necr           0%         N/A       100%        4
 Corpse Rot               Necr/Pois/Air  0%         N/A       100%        4
 Hailstorm                Conj/Ice       0%         3d3       100%        4
 Leda's Liquefaction      Hex/Erth       0%         N/A       100%        4
 Petrify                  Tmut/Erth      0%         N/A       100%        4
 Blade Hands              Tmut           0%         N/A       100%        5
 Borgnjor's Vile Clutch   Necr/Erth      0%         N/A       100%        5
 Irradiate                Conj/Tmut      0%         3d13      100%        5
 Manifold Assault         Tloc           0%         N/A       100%        5
 Metabolic Englaciation   Hex/Ice        0%         N/A       100%        5
 Conjure Ball Lightning   Conj/Air       0%         3x3d6     100%        6
 Death Channel            Necr           0%         N/A       100%        6
 Dispersal                Tloc           0%         N/A       100%        6
 Starburst                Conj/Fire      0%         6d3       100%        6
 Sublimation of Blood     Necr           Unusable   N/A       N/A         2

Dungeon Overview and Level Annotations

Branches:
Dungeon (15/15)            Temple (1/1) D:6            Lair (6/6) D:9
 Shoals (0/4) Lair:2        Snake (2/4) Lair:4        Slime (0/5) Lair:6
    Orc (2/2) D:12            Elf (0/3) Orc:2        Vaults (0/5) D:13
 Depths (0/4) D:15          Sewer (visited)         Ossuary (visited)
 Bailey (visited)           IceCv (visited)         Volcano (visited)
Gauntlet (visited)

Altars:
Ashenzari
Cheibriados
Dithmenos
Elyvilon
Fedhas
Gozag
Hepliaklqana
Kikubaaqudgha
Makhleb
Nemelex Xobeh
Okawaru
Qazlal
Ru
Sif Muna
Trog
Uskayaw
Vehumet
Wu Jian
Xom
Yredelemnul
Zin
The Shining One
Beogh
Jiyva

Shops:
D:7 ?(=   D:13 *   D:14 ([[:!   Orc:1 [   Orc:2 ((?**(!   Snake:2 ?


Innate Abilities, Weirdness & Mutations

You are immune to sickness and miasma.
Your stone body is resilient. (AC +12)
You are immune to poison.
Your large and strong wings let you fly.
You resist negative energy. (rN+)
You are resistant to electric shocks. (rElec)
You are resistant to unholy torment.
You are immune to petrification.
You have sharp toenails.
You have supernaturally acute eyesight. (SInv)
You tend to lose your temper in combat.


Message History

The bolt of poison hits you but does no damage.
You resist.
You can now pass through a line of other dancers.
The naga no longer looks unusually strong.
You block the black mamba's attack. The black mamba closely misses you.
You block the salamander's attack.
The guardian serpent coils itself and waves its upper body at you.
The naga mage blinks!
The naga blinks!
The salamander blinks!
The naga blinks!
The black mamba bites you but does no damage.
The guardian serpent hits you!
* * * LOW HITPOINT WARNING * * *
You fly upwards.
There is a stone staircase leading down here.
You hit the guardian serpent.
The guardian serpent is severely wounded.
The black mamba bites you but does no damage.
The guardian serpent hits you but does no damage.
You block the black mamba's attack.
You block the guardian serpent's attack.
You miss the guardian serpent.
The guardian serpent is severely wounded.
The black mamba bites you but does no damage.
The guardian serpent coils itself and waves its upper body at you.
You easily resist.
The black mamba bites you!
* * * LOW HITPOINT WARNING * * *
You block the guardian serpent's attack.
You puncture the guardian serpent!
The guardian serpent is almost dead.
You block the black mamba's attack.
The black mamba bites you but does no damage.
The guardian serpent closely misses you.
You hit the guardian serpent but do no damage.
Your morningstar of Moral Flaws lets out a mournful sigh.
The guardian serpent is almost dead.
The black mamba bites you but does no damage.
You block the guardian serpent's attack.
The black mamba bites you!
* * * LOW HITPOINT WARNING * * *
The guardian serpent hits you!
You die...

#####.#####...#.# #.##.###....#
...##.##../.....# #.#).# ##...#
...#.....##.....###.÷.## #...#
..........###...#...### ##.##
##..........##..#.#.# #.#
##.....#....##..#.#.# #.####
#...#######.......#.########....#
..### ##...S.S..............# ###
#....@.#.##..........#
###...............####
#...##.......)..#
#...#..>..#####.####
#...#....#####.....#
##..#.....[........#
##.....##..........
#.....##.....#....
#....###..........


You could see a guardian serpent and a black mamba.

Vanquished Creatures
  Nikola (Snake:1)
  A balrug (Gauntlet)
  Nessos (Lair:4)
  The ghost of Luuqe the Impaler, a journeyman MfGl of Yredelemnul (Lair:4)
  2 minotaurs
  The ghost of Xetequo the Peltast, a journeyman MiFi of Trog (Lair:3)
  Snorg (D:11)
  A fire dragon (D:15)
  9 hydras
  2 catoblepae (Lair:6)
  A vault guard (D:13)
  An ogre mage (D:15)
  4 boulder beetles
  Erolcha (D:9)
  4 naga warriors
  9 two-headed ogres
  6 anacondas
  2 centaur warriors
  A death knight (D:14)
  2 tengu warriors (D:15)
  6 death yaks
  Urug (D:12)
  2 naga sharpshooters
  2 shock serpents
  A deep elf knight (D:13)
  5 skeletal warriors
  A deep troll (Lair:1)
  2 naga ritualists
  3 deep elf archers (D:13)
  An obsidian statue (Gauntlet)
  2 lindwurms (Volcano)
  2 necromancers
  2 wizards (D:15)
  Pikel (D:9)
  2 orc knights (Bailey)
  10 deep elf zephyrmancers
  3 mana vipers
  8 orc sorcerers (Orc:2)
  18 ugly things
  9 deep elf pyromancers
  9 cyclopes
  3 salamanders (Snake:2)
  A merfolk siren (Lair:2)
  3 manticores
  Joseph (D:10)
  7 elephants (Lair:4)
  4 naga magi
  23 black mambas
  An ice statue (IceCv)
  17 cane toads
  3 torpor snails
  3 molten gargoyles (Volcano)
  2 unseen horrors (D:12)
  2 gargoyles
  6 freezing wraiths (IceCv)
  5 rime drakes
  A minotaur zombie (Gauntlet)
  A centaur skeleton (D:15)
  4 efreet
  11 komodo dragons
  2 anaconda simulacra (IceCv)
  An entropy weaver simulacrum (IceCv)
  3 tengu conjurers (D:15)
  9 ice devils (IceCv)
  2 merfolk (Lair:2)
  3 meliai (D:15)
  3 polar bears (Lair:6)
  2 trolls
  9 blink frogs
  5 hornets (Lair:6)
  A blink frog (shapeshifter) (D:14)
  13 slime creatures
  A dream sheep (Lair:6)
  3 centaur simulacra (D:15)
  2 shadows
  Sigmund (D:2)
  A spriggan (shapeshifter) (D:15)
  4 water elementals (D:11)
  61 yaks
  4 dire elephant simulacra (IceCv)
  10 spriggans (Lair:6)
  2 wyverns
  5 wraiths
  4 fire elementals (Volcano)
  A hog (shapeshifter) (D:15)
  9 vampire mosquitoes
  9 basilisks
  6 wargs
  2 death yak simulacra
  A harpy simulacrum (IceCv)
  10 nagas
  26 water moccasins
  3 hydra simulacra (Lair:4)
  2 acid dragons
  3 hell hounds
  15 orc warriors
  A sky beast (D:6)
  4 black bears
  A black mamba simulacrum (Lair:4)
  6 ogres
  A centaur (D:6)
  5 boggarts (Lair:6)
  21 wolves
  A phantom (D:7)
  2 kobold brigands (Sewer)
  An elf zombie (Ossuary)
  9 bullfrogs
  3 earth elementals (Volcano)
  A gnoll sergeant (D:11)
  A necrophage (D:5)
  5 cane toad simulacra
  2 scorpions (D:6)
  4 wights (D:8)
  A two-headed ogre simulacrum (IceCv)
  6 elephant simulacra (IceCv)
  18 killer bees
  10 howler monkeys
  3 electric eels
  3 centaur zombies
  A hound (D:6)
  4 jellies
  2 gnoll shamans
  A human zombie (Ossuary)
  13 orc priests
  2 iguanas
  38 orc wizards
  7 polar bear simulacra
  2 troll simulacra (IceCv)
  3 wolf simulacra (IceCv)
  A spriggan simulacrum (IceCv)
  2 mummies (Ossuary)
  17 gnolls
  A river rat (Sewer)
  11 adders
  A white imp (D:4)
  5 ufetubi
  An adder zombie (Ossuary)
  2 worms (Sewer)
  3 dart slugs
  104 orcs
  4 endoplasms
  5 giant cockroaches
  13 goblins
  18 hobgoblins
  3 jackals (D:1)
  10 quokkas
  13 ball pythons
  3 bats
  5 frilled lizards
  A goblin zombie (Ossuary)
  7 hobgoblin zombies (Ossuary)
  20 kobolds
  16 kobold zombies (Ossuary)
  6 orc zombies (Ossuary)
  20 rats
  A rat zombie (Ossuary)
952 creatures vanquished.

Vanquished Creatures (others)
  A rime drake (Lair:4)
  A vampire (D:13)
  A bush (Lair:1)
  48 fungi
  144 plants
195 creatures vanquished.

Grand Total: 1147 creatures vanquished

Notes
Turn   | Place    | Note
-------+----------+-------------------------------------------
     0 | D:1      | bwicke the Gargoyle Fighter began the quest for the Orb.
     0 | D:1      | Reached XP level 1. HP: 14/14 MP: 1/1
   278 | D:1      | Reached XP level 2. HP: 19/19 MP: 2/2
   565 | D:1      | Reached XP level 3. HP: 16/23 MP: 3/3
  1111 | D:1      | Found a faded altar of an unknown god.
  1411 | D:2      | Found a shimmering altar of Xom.
  1412 | D:2      | Noticed Sigmund
  1424 | D:2      | Reached skill level 5 in Shields
  1548 | D:2      | Killed Sigmund
  1549 | D:2      | Reached skill level 4 in Maces & Flails
  1549 | D:2      | Reached XP level 4. HP: 25/28 MP: 4/4
  1549 | D:2      | Reached XP level 5. HP: 28/32 MP: 5/5
  2195 | D:2      | Reached skill level 5 in Maces & Flails
  2195 | D:2      | Reached XP level 6. HP: 37/37 MP: 6/6
  2722 | D:3      | Found a glowing drain.
  2742 | Sewer    | Entered a sewer
  3183 | Sewer    | Reached skill level 6 in Maces & Flails
  3257 | Sewer    | Reached XP level 7. HP: 33/41 MP: 7/7
  3642 | D:3      | Reached skill level 7 in Maces & Flails
  4818 | D:4      | You are sucked into a shaft and drop 2 floors!
  4963 | D:6      | Found a shadowy altar of Dithmenos.
  5005 | D:6      | Found a sand-covered staircase.
  5009 | Ossuary  | Entered an ossuary
  5218 | Ossuary  | Reached skill level 8 in Maces & Flails
  5510 | D:6      | Found a white marble altar of Elyvilon.
  5525 | D:6      | Reached XP level 8. HP: 40/46 MP: 8/8
  5565 | D:6      | Found a staircase to the Ecumenical Temple.
  5579 | Temple   | Entered the Ecumenical Temple
  5610 | Temple   | Became a worshipper of Uskayaw the Reveller
  5846 | D:6      | Reached * piety under Uskayaw
  5865 | D:6      | Identified the +8 morningstar of Moral Flaws {vorpal,
                  | *Noise rElec rCorr Stlth+}
  5936 | D:6      | Reached ** piety under Uskayaw
  5982 | D:6      | Reached skill level 9 in Maces & Flails
  6056 | D:6      | Found a sparkling altar of Nemelex Xobeh.
  6073 | D:6      | Found a shimmering blue altar of Sif Muna.
  6243 | D:6      | Reached *** piety under Uskayaw
  6459 | D:7      | Found a sacrificial altar of Ru.
  6517 | D:7      | Reached **** piety under Uskayaw
  6663 | D:7      | Found a flagged portal.
  6682 | Bailey   | Entered a bailey
  6688 | Bailey   | Noticed an orc knight
  6724 | Bailey   | Reached skill level 10 in Maces & Flails
  6919 | Bailey   | HP: 2/46 [orc knight/+0 war axe (2)]
  6933 | Bailey   | Killed an orc knight
  6934 | Bailey   | Reached skill level 11 in Maces & Flails
  6934 | Bailey   | Reached XP level 9. HP: 26/51 MP: 9/9
  6957 | Bailey   | Noticed an orc knight
  6961 | Bailey   | Reached ***** piety under Uskayaw
  6976 | Bailey   | Killed an orc knight
  6976 | Bailey   | Reached ****** piety under Uskayaw
  6977 | Bailey   | Reached skill level 12 in Maces & Flails
  7226 | D:7      | Found Hoekemnuikk's Weapon Boutique.
  7255 | D:7      | Found Leli's Magic Scroll Emporium.
  7572 | D:7      | Found Mybrijy's Jewellery Boutique.
  7653 | D:7      | Reached skill level 13 in Maces & Flails
  8019 | D:5      | Entered Level 5 of the Dungeon
  8051 | D:5      | Reached XP level 10. HP: 52/56 MP: 10/10
  9217 | D:4      | Found a shimmering altar of Xom.
  9217 | D:4      | Found an ornate altar of the Wu Jian Council.
  9217 | D:4      | Found an iron altar of Okawaru.
  9217 | D:4      | Found a blossoming altar of Fedhas.
  9220 | D:4      | Found a broken altar of Ashenzari.
  9479 | D:4      | Found a basalt altar of Yredelemnul.
  9768 | D:8      | Reached skill level 14 in Maces & Flails
 10344 | D:9      | Reached skill level 5 in Armour
 10455 | D:9      | Found a staircase to the Lair.
 10935 | D:9      | Noticed Pikel
 10948 | D:9      | Killed Pikel
 10957 | D:9      | Noticed Erolcha
 10969 | D:9      | Killed Erolcha
 11028 | D:9      | Found a bloodstained altar of Trog.
 11463 | D:10     | Entered Level 10 of the Dungeon
 11521 | D:10     | Reached XP level 11. HP: 60/60 MP: 13/13
 11521 | D:10     | Noticed a two-headed ogre
 11526 | D:10     | Killed a two-headed ogre
 11527 | D:10     | Reached skill level 5 in Invocations
 11592 | D:10     | Noticed Joseph
 11601 | D:10     | Killed Joseph
 12470 | D:11     | Noticed Snorg
 12487 | D:11     | Noticed a cyclops
 12488 | D:11     | Killed Snorg
 12493 | D:11     | Killed a cyclops
 13353 | Lair:1   | Entered Level 1 of the Lair of Beasts
 13409 | Lair:1   | Reached skill level 10 in Invocations
 13498 | Lair:1   | Reached skill level 5 in Fighting
 13675 | Lair:1   | Found a dark tunnel.
 13686 | Lair:1   | Reached XP level 12. HP: 32/70 MP: 19/19
 13693 | Volcano  | Entered a volcano
 13952 | Volcano  | HP: 1/73 [molten gargoyle/bolt of magma (12)]
 14676 | Lair:1   | Reached skill level 10 in Fighting
 14684 | Lair:1   | Noticed a boulder beetle
 14694 | Lair:1   | Killed a boulder beetle
 14705 | Lair:1   | Found an ornate altar of the Wu Jian Council.
 14705 | Lair:1   | Found a hide-covered altar of Uskayaw.
 15090 | Lair:1   | You fall into a shaft and drop 1 floor!
 15430 | Lair:2   | Reached XP level 13. HP: 50/86 MP: 20/20
 15865 | Lair:2   | Reached skill level 15 in Maces & Flails
 16040 | Lair:2   | Found a staircase to the Shoals.
 17313 | Lair:3   | Found a hide-covered altar of Uskayaw.
 17378 | Lair:3   | Found a transporter.
 17394 | Lair:3   | Found a transporter.
 17455 | Lair:3   | Reached skill level 16 in Maces & Flails
 17721 | Lair:3   | Identified the +1 leather armour of Tortured Creativity
                  | {Str+2 Int+5}
 17727 | Lair:3   | Noticed Xetequo's ghost (journeyman MiFi)
 17768 | Lair:3   | Killed Xetequo's ghost
 17864 | Lair:3   | Found a runed translucent door.
 17984 | Lair:3   | Noticed a minotaur
 17993 | Lair:3   | Killed a minotaur
 18575 | Lair:4   | Found a staircase to the Snake Pit.
 18583 | Lair:4   | Noticed Nessos
 18605 | Lair:4   | Killed Nessos
 19230 | Lair:4   | Gained mutation: Your large and strong wings let you fly.
                  | [Gargoyle growth]
 19230 | Lair:4   | Reached XP level 14. HP: 83/92 MP: 23/23
 19265 | Lair:4   | Found a runed translucent gate.
 19266 | Lair:4   | Found a runed translucent gate.
 19267 | Lair:4   | Found a runed translucent gate.
 19924 | Lair:4   | Noticed Luuqe's ghost (journeyman MfGl)
 19961 | Lair:4   | Killed Luuqe's ghost
 19999 | Lair:4   | Identified the ring "Wemurut" {rN+ Str+3 Int+4}
 20280 | Lair:5   | Found a gate leading to a gauntlet.
 20296 | Gauntlet | Entered a Gauntlet
 20296 | Gauntlet | Found a transporter.
 20296 | Gauntlet | Found a transporter.
 20296 | Gauntlet | Found a transporter.
 20317 | Gauntlet | Found a transporter.
 20333 | Gauntlet | Found a transporter.
 20334 | Gauntlet | Noticed a balrug
 20359 | Gauntlet | Found a transporter.
 20383 | Gauntlet | Found a transporter.
 20398 | Gauntlet | Found a transporter.
 20415 | Gauntlet | Found a transporter.
 20429 | Gauntlet | Found a transporter.
 20445 | Gauntlet | Found a transporter.
 20448 | Gauntlet | Found a transporter.
 20694 | Gauntlet | Got Ciodghinn's Disquisition on the Frostbite
 20719 | Gauntlet | Killed a balrug
 20735 | Gauntlet | Gained mutation: You expend magic power (3 MP) to
                  | strengthen your wands. [potion of mutation]
 20735 | Gauntlet | Gained mutation: You tend to lose your temper in combat.
                  | [potion of mutation]
 20775 | Gauntlet | Lost mutation: You tend to lose your temper in combat.
                  | [potion of mutation]
 20775 | Gauntlet | Lost mutation: You expend magic power (3 MP) to strengthen
                  | your wands. [potion of mutation]
 20775 | Gauntlet | Gained mutation: Armour fits poorly on your strangely
                  | shaped body. [potion of mutation]
 20775 | Gauntlet | Gained mutation: You are partially covered in iridescent
                  | scales. (AC +2) [potion of mutation]
 20776 | Gauntlet | Lost mutation: Armour fits poorly on your strangely shaped
                  | body. [potion of mutation]
 20776 | Gauntlet | Lost mutation: You are partially covered in iridescent
                  | scales. (AC +2) [potion of mutation]
 20776 | Gauntlet | Gained mutation: You are clumsy. (Dex -2) [potion of
                  | mutation]
 20776 | Gauntlet | Gained mutation: Your spells are a little harder to cast,
                  | but a little more powerful. [potion of mutation]
 20776 | Gauntlet | Lost mutation: Your spells are a little harder to cast, but
                  | a little more powerful. [potion of mutation]
 20777 | Gauntlet | Lost mutation: You are clumsy. (Dex -2) [potion of
                  | mutation]
 20777 | Gauntlet | Gained mutation: You tend to lose your temper in combat.
                  | [potion of mutation]
 20777 | Gauntlet | Gained mutation: You have sharp toenails. [potion of
                  | mutation]
 20777 | Gauntlet | Gained mutation: You have supernaturally acute eyesight.
                  | (SInv) [potion of mutation]
 20905 | Gauntlet | Got Juckene's Volume of Bewitching Changing
 20905 | Gauntlet | Got The Second Course in Spellcasting
 21023 | Lair:5   | Reached skill level 1 in Throwing
 21709 | Lair:6   | Entered Level 6 of the Lair of Beasts
 21919 | Lair:6   | Reached skill level 5 in Throwing
 22252 | Lair:6   | Found a viscous altar of Jiyva.
 22252 | Lair:6   | Found a staircase to the Slime Pits.
 22316 | Lair:6   | Reached XP level 15. HP: 96/96 MP: 25/25
 22465 | Lair:6   | Reached skill level 10 in Armour
 23334 | D:12     | Found a staircase to the Orcish Mines.
 23434 | D:12     | Noticed Urug
 23469 | D:12     | Killed Urug
 23951 | D:12     | Found a sparkling altar of Nemelex Xobeh.
 24328 | D:13     | Found Iqeot's Assorted Antiques.
 24331 | D:13     | Bought a scroll of poison for 105 gold pieces
 24331 | D:13     | Bought a wand of iceblast (7) for 120 gold pieces
 24331 | D:13     | Bought a potion of curing for 90 gold pieces
 24470 | D:13     | Found a frozen archway.
 24482 | IceCv    | Entered an ice cave
 24927 | IceCv    | Found an ancient bone altar of Kikubaaqudgha.
 25519 | D:13     | Paralysed by a deep elf pyromancer for 5 turns
 25665 | D:13     | Reached skill level 15 in Invocations
 25711 | D:13     | Identified the +8 short sword "Miaptil" {spect, rPois rF-
                  | Int+9}
 25830 | D:13     | Found a gate to the Vaults.
 26035 | D:13     | Reached XP level 16. HP: 101/101 MP: 27/27
 26158 | D:13     | Reached skill level 1 in Evocations
 26601 | D:14     | Found Gostrue's Weapon Emporium.
 26683 | D:14     | Found Naoloeca's Antique Armour Shop.
 26723 | D:14     | Reached skill level 5 in Evocations
 26782 | D:14     | Found a radiant altar of Vehumet.
 27076 | D:14     | Found Entauret's Distillery.
 27084 | D:14     | Bought a potion of berserk rage for 70 gold pieces
 27084 | D:14     | Bought a potion of curing for 42 gold pieces
 27086 | D:14     | Found Foemmu's Book Boutique.
 27385 | D:14     | Found Kiusumaw's Armour Emporium.
 27408 | D:14     | Bought the +0 pair of fencer's gloves {Riposte Dex+3} for
                  | 440 gold pieces
 27408 | D:14     | Found the +0 pair of fencer's gloves {Riposte Dex+3}
 27663 | D:15     | Entered Level 15 of the Dungeon
 27974 | D:15     | Found a stormy altar of Qazlal.
 28173 | D:15     | Found a staircase to the Depths.
 29021 | Orc:1    | Entered Level 1 of the Orcish Mines
 29143 | Orc:1    | Found Feqirchae's Armour Shop.
 29451 | Orc:2    | Entered Level 2 of the Orcish Mines
 29496 | Orc:2    | Found Yfeelo's Weapon Boutique.
 29545 | Orc:2    | Found Sownan's Magic Scroll Boutique.
 29674 | Orc:2    | Reached skill level 10 in Shields
 29691 | Orc:2    | Found Paumei Zili's General Store.
 29691 | Orc:2    | Found Bainy's General Store.
 30035 | Orc:2    | Found Suqipi's Antique Weapon Emporium.
 30046 | Orc:2    | Bought a glowing morningstar for 161 gold pieces
 30247 | Orc:2    | Found Akeptira's Distillery.
 30247 | Orc:2    | Found Qogiany's Antique Weapon Boutique.
 30332 | Orc:2    | Found a staircase to the Elven Halls.
 30634 | Snake:1  | Entered Level 1 of the Snake Pit
 30645 | Snake:1  | Reached XP level 17. HP: 89/106 MP: 28/28
 31282 | Snake:1  | Noticed Nikola
 31292 | Snake:1  | Killed Nikola
 31688 | Snake:2  | Found Rimoli's Magic Scroll Shop.
 31702 | Snake:2  | Bought a scroll of blinking for 112 gold pieces
 31760 | Snake:2  | Paralysed by a naga for 2 turns
 32030 | Snake:1  | Slain by a guardian serpent

Illustrated notes

Levels and vault maps discovered:
D:1:      amcnicky_arrival_blooded_trapdoor, layout_rooms,
          nicolae_ecumenical_lake_church, serial_bayou, serial_bayou_pond_d,
          serial_bayou_crossing, serial_bayou_pond_b, serial_bayou_pond_e,
          serial_bayou_pond_c, serial_bayou_lagoon_b, minmay_rat_gold_closets
D:2:      wad_woods_stonehenge, layout_loops_corners, uniq_sigmund
D:3:      layout_loops_corners, cheibrodos_sewer_entry_drain,
          minmay_goblin_outpost
D:4:      layout_rooms, nicolae_overflow_crystal_walls,
          nicolae_overflow_hidden_temple, minmay_misc_feat_four_crosses,
          guppyfry_early_orc_mine
D:5:      layout_layer_cave, kennysheep_generic_room_14
D:6:      layout_loops_corners, elyvilon_altar_1, mainiacjoe_overflow_big_doors,
          grunt_dithmenos_smoke, minmay_temple_entry_drinking_statues,
          enter_ossuary_5
D:7:      layout_loops_ring, nicolae_ru_the_path_less_chosen, enter_bailey_2,
          serial_shops, shop, shop, nicolae_shop_statue_plus,
          kennysheep_generic_room_4
D:8:      layout_rooms
D:9:      layout_gridville, trog_hazing_becter, lair_entry_dummy, eino_jars,
          uniq_pikel, uniq_erolcha
D:10:     layout_loops_ring, chequers_serial_rivers_small_b, uniq_joseph
D:11:     nicolae_cairo_tiling_very_big, layout_cave_pools,
          nicolae_underground_beach, uniq_snorg
D:12:     layout_basic, hiddenorc2_lemuel, serial_glass, glass_columns_c,
          glass_columns_c, glass_columns_a, item_on_display_a,
          nemelex_spade_bored_becter, uniq_urug
D:13:     minmay_elf_outpost, layout_irregular_city, david_vaults_5,
          serial_shops, nicolae_stop_n_shop_1, portal_ice_cave_entry_pillars_1
D:14:     layout_stronghold, serial_shops, shop, shop_statue,
          nicolae_shop_advertising_works [nicolae_subvault_shop_adworks],
          shop_coins, nicolae_square_shop, vehumet_crystals
D:15:     grunt_enter_depths_magical_seal, layout_basic,
          nicolae_qazlal_scattered_showers
Temple:   dpeg_chambers_temple
Lair:1:   dreamdust_cave_troll, layout_loops_ring, enter_volcano_3,
          nzn_masters_of_martial_movement
Lair:2:   layout_cave_pods, elwin_shoals_entry_rooms, minmay_holes,
          guppyfry_lair_drakes, infiniplex_staircase_pool
Lair:3:   dreamdust_labyrinth, layout_regular_city, gammafunk_ghost_arena,
          basic_altar
Lair:4:   layout_regular_city, minmay_snake_entry_guardpost_small,
          gammafunk_ghost_icy, wad_woods_road_02, serial_bayou_pond_e,
          uniq_nessos
Lair:5:   layout_regular_city, gauntlet_entry_generic,
          chequers_serial_rivers_micro_c, grunt_forest_small_clearing_treed
Lair:6:   minmay_lair_end_enchanted_forest, layout_regular_city,
          dpeg_slime_entry_enclosed_altar, serial_bayou, serial_bayou_pond_b,
          serial_bayou_lagoon_a, serial_bayou_pond_e, serial_bayou_lake_a,
          serial_bayou_pond_b
Snake:1:  layout_misc_corridors, special_room, lemuel_fruit_tree, uniq_nikola
Snake:2:  layout_grid_shapes, serial_shops, shop
Orc:1:    layout_caves, serial_shops, shop
Orc:2:    st_orc_town, layout_caves, serial_shops, shop,
          nicolae_shop_waterfront, nicolae_shop_window_shopping, basic_altar

Skill      XL: |  1  2  3  4  5  6  7  8  9 10 11 12 13 14 15 16 17 |
---------------+----------------------------------------------------+-----
Shields        | 4 5 8 10 13 | 13.5
Maces & Flails | 4 5 6 8 11 13 14 16 | 16.0
Armour         | 8 14 | 14.0
Invocations    | 3 10 13 14 15 | 15.3
Fighting       | 6 12 | 12.0
Throwing       | 6 |  6.0
Evocations     | 9 |  9.0

Action                   |  1- 3 |  4- 6 |  7- 9 | 10-12 | 13-15 | 16-18 || total
-------------------------+-------+-------+-------+-------+-------+-------++-------
Melee: Flail             |   137 |   200 |   212 |       |       |       ||   549
       Short sword       |       |       |    71 |       |       |       ||    71
       Morningstar       |       |       |   111 |   493 |   892 |   559 ||  2055
Throw: Dart              |       |       |       |     3 |     3 |       ||     6
       Javelin           |       |       |       |       |       |     2 ||     2
Invok: Stomp             |       |       |     2 |    11 |    23 |     6 ||    42
       Line Pass         |       |       |     1 |     4 |     3 |     1 ||     9
       Grand Finale      |       |       |       |     2 |     4 |     4 ||    10
Evoke: Wand              |       |       |     6 |     3 |       |       ||     9
       Condenser vane    |       |       |       |     1 |     1 |       ||     2
       Tin of tremorston |       |       |       |     1 |       |       ||     1
  Use: Potion            |     1 |       |     3 |     2 |    10 |       ||    16
       Scroll            |       |     4 |    10 |    12 |    15 |     1 ||    42
 Stab: Paralysed         |       |       |     4 |    47 |    90 |    71 ||   212
       Confused          |       |       |       |     1 |     1 |     1 ||     3
       Petrified         |       |       |       |       |     3 |       ||     3
       Invisible         |       |       |       |       |     1 |       ||     1
       Fleeing           |       |       |       |       |       |     1 ||     1
Armor: Scale mail        |    59 |   130 |   245 |   273 |    59 |       ||   766
       Plate armour      |       |       |       |       |   430 |   315 ||   745
       Leather armour    |       |       |       |       |    13 |       ||    13
Dodge: Dodged            |    41 |   100 |   174 |   175 |   220 |   118 ||   828
Block: Buckler           |    32 |    50 |    94 |    86 |   138 |    43 ||   443
       Kite shield       |       |       |       |       |       |   126 ||   126
       Reflection        |       |       |       |       |       |     7 ||     7

Table legend: (Time is in decaauts)
 A = Elapsed time spent in this place.
 B = Non-inter-level travel time spent in this place.
 C = Inter-level travel time spent in this place.
 D = Time resting spent in this place.
 E = Time spent auto-exploring this place.
 F = Levels seen in this place.
 G = Mean time per level.
                   A        B        C        D        E       F      G
               +--------+--------+--------+--------+--------+-----+--------+
         Total |  31948 |  30475 |   1473 |   2292 |  18914 |  32 |  998.4 |
       Dungeon |  16475 |  15609 |    866 |    420 |  11204 |  15 | 1098.3 |
        Temple |    262 |    238 |     24 |      0 |    168 |   1 |  262.0 |
          Lair |   8323 |   7805 |    518 |    233 |   5374 |   6 | 1387.2 |
     Snake Pit |   1375 |   1365 |     10 |    215 |    804 |   2 |  687.5 |
  Orcish Mines |   1469 |   1415 |     54 |      0 |    768 |   2 |  734.5 |
         Sewer |    855 |    855 |      0 |    163 |    367 |   1 |  855.0 |
       Ossuary |    493 |    493 |      0 |      0 |    203 |   1 |  493.0 |
        Bailey |    462 |    462 |      0 |    209 |     25 |   1 |  462.0 |
      Ice Cave |    716 |    716 |      0 |    177 |      0 |   1 |  716.0 |
       Volcano |    850 |    850 |      0 |    638 |      0 |   1 |  850.0 |
      Gauntlet |    664 |    664 |      0 |    237 |      0 |   1 |  664.0 |
               +--------+--------+--------+--------+--------+-----+--------+

Top non-repeatable levels by time:
  Lair:2: 1786 daAuts
  Lair:3: 1650 daAuts
     D:1: 1544 daAuts
    D:13: 1487 daAuts
  Lair:6: 1443 daAuts
  Lair:4: 1283 daAuts
    D:15: 1277 daAuts
     D:5: 1250 daAuts
  Lair:1: 1248 daAuts
 Snake:1: 1232 daAuts
     D:9: 1192 daAuts
     D:2: 1160 daAuts
    D:14: 1147 daAuts
     D:3: 1131 daAuts
     D:7: 1119 daAuts
